 Dungeon Crawl Stone Soup version 0.19.0-22-gd96e5fe (webtiles) character file.

51 grisgris the Cudgeler (level 3, -3/28 HPs)
             Began as a Demonspawn Gladiator on Nov 19, 2016.
             Slain by a kobold
             ... wielding a +0 whip
              (4 damage)
             ... on level 1 of the Dungeon.
             The game lasted 00:01:57 (835 turns).

grisgris the Cudgeler (Demonspawn Gladiator)         Turns: 835, Time: 00:01:57

Health: -3/28      AC:  1    Str: 16    XL:     3   Next: 57%
Magic:  3/3        EV: 13    Int:  9    God:
Gold:   23         SH:  0    Dex: 13    Spells: 0 memorised, 2 levels left

rFire  . . .     SeeInvis .     a - +0 flail
rCold  . . .     Gourm    .     b - +0 leather armour
rNeg   . . .     Faith    +     (no shield)
rPois  .         Spirit   .     (helmet restricted)
rElec  .         Reflect  .     (no cloak)
rCorr  .         Harm     .     (no gloves)
MR     +....                    (no boots)
Stlth  +.........               i - amulet of faith
                                j - -2 ring of protection (curse)
                                g - ring of protection from magic

@: no status effects
A: antennae 1, powered by death 1
a: no special abilities


You were on level 1 of the Dungeon.
You were not hungry.

You visited 1 branch of the dungeon, and saw 2 of its levels.

You collected 23 gold pieces.

Inventory:

Hand Weapons
 a - a +0 flail (weapon)
Missiles
 d - 3 throwing nets (quivered)
Armour
 b - a +0 leather armour (worn)
 c - a +0 helmet
Jewellery
 g - a ring of protection from magic (left hand)
 i - an amulet of faith (around neck)
 j - a cursed -2 ring of protection (right hand)
Scrolls
 e - 5 scrolls of teleportation
Comestibles
 f - a bread ration
 h - a beef jerky
 k - a chunk of flesh


   Skills:
 + Level 2.6 Fighting
 + Level 3.4 Maces & Flails
 + Level 1.9 Throwing
 + Level 0.3 Armour
 + Level 3.0 Dodging


You had 2 spell levels left.
You didn't know any spells.

Dungeon Overview and Level Annotations

Branches:
Dungeon (2/15)

Altars:


Innate Abilities, Weirdness & Mutations

You have a pair of small antennae on your head.
You regenerate a little health from kills.


Message History

e - 5 scrolls of teleportation (gained 1)
You now have 23 gold pieces (gained 7).
A ball python and a kobold come into view.
The kobold shouts!
The ball python hisses angrily.
The kobold throws a stone.
The stone hits you but does no damage.
You see here a stone.
The kobold hits you with a whip.
Your leather armour prevents you from hitting the kobold.
The kobold hits you with a whip. x2
You closely miss the kobold. The kobold barely misses you.
You closely miss the kobold. The kobold barely misses you.
You closely miss the kobold. The kobold hits you with a whip.
You closely miss the kobold. The kobold hits you with a whip.
* * * LOW HITPOINT WARNING * * *
You miss the kobold. The kobold barely misses you.
The kobold hits you with a whip.
* * * LOW HITPOINT WARNING * * *
You aren't carrying any potions.
You completely miss the kobold. The kobold hits you with a whip.
You die...

.....8..........#
...............#
##.....÷.......#
###...÷>......#
#####...........#
#.(........(....#
#.#......###.####
#####.#......# #.#
#.....#......# #@#
..#####......# #K#
#####........# #S#
......#........#..
.#############..#.
## #...# ####


You could see a ball python and a kobold.

Vanquished Creatures
  2 adders (D:2)
  2 worms (D:2)
  A dart slug (D:2)
  3 giant cockroaches
  A goblin (D:2)
  2 hobgoblins (D:2)
  3 kobolds (D:2)
  2 quokkas (D:2)
  5 bats
  4 frilled lizards
25 creatures vanquished.

Notes
Turn   | Place    | Note
-------+----------+-------------------------------------------
     0 | D:1      | grisgris the Demonspawn Gladiator began the quest for the Orb.
     0 | D:1      | Reached XP level 1. HP: 16/16 MP: 1/1
   197 | D:2      | Gained mutation: You have a pair of small antennae on your head. [demonic ancestry]
   197 | D:2      | Reached XP level 2. HP: 20/22 MP: 2/2
   285 | D:2      | Gained mutation: You regenerate a little health from kills. [demonic ancestry]
   285 | D:2      | Reached XP level 3. HP: 5/28 MP: 3/3
   834 | D:1      | HP: 1/28 [kobold/whip (6)]
   835 | D:1      | Slain by a kobold

Skill      XL: |  1  2 |
---------------+-------+-----
Maces & Flails | 3 |  3.4
Dodging        | 3 |  3.0
Fighting       | |  2.6
Throwing       | |  1.9
Armour         | |  0.3

Action                   || total
-------------------------++-------
Melee: Flail             ||    78
  Use: Scroll            ||     3
       Potion            ||     1
Armor: Leather armour    ||    23
Dodge: Dodged            ||    64
